AA
DENVER BEARS @ TULSA DRILLERS
06/17/1982
 
TOP OF THE 1ST
Denver Bears batting - Pitching for Tulsa Drillers : RHP Jay Baller
Pitching: RHP Jay Baller
Batting: LHB Dallas Williams 0-0: Called Strike
0-1: Fly out, F9 (Flyball, 89S, EV 94.4 MPH)
Batting: RHB Adolfo Feliz 0-0: Foul Ball, location: 2F
0-1: Ball
1-1: Ball
2-1: Foul Ball, location: 2F
2-2: Strikes out looking
Batting: LHB Danny Heep 0-0: Ball
1-0: Called Strike
1-1: Ground out U3 (Groundball, 3, EV 86.3 MPH)
Top of the 1st over - 0 runs, 0 hits, 0 errors, 0 left on base; Denver 0 - Tulsa 0
BOTTOM OF THE 1ST
Tulsa Drillers batting - Pitching for Denver Bears : RHP Alex Vasquez
Pitching: RHP Alex Vasquez
Batting: RHB Victor Rios 0-0: Fly out, F7 (Flyball, 7LS, EV 86.9 MPH)
Batting: SHB Luis Quinones 0-0: Called Strike
0-1: Ball
1-1: Swinging Strike
1-2: Fly out, F9 (Flyball, 9S, EV 91.3 MPH)
Batting: LHB Jim Adduci 0-0: Called Strike
0-1: Ball
1-1: Fly out, F6 (Popup, P, EV 80.6 MPH)
Bottom of the 1st over - 0 runs, 0 hits, 0 errors, 0 left on base; Denver 0 - Tulsa 0
TOP OF THE 2ND
Denver Bears batting - Pitching for Tulsa Drillers : RHP Jay Baller
Batting: RHB George A Bell 0-0: Called Strike
0-1: Ball
1-1: Ball
2-1: SINGLE (Flyball, 6D, EV 91.9 MPH)
Batting: LHB Tom Beyers 0-0: Ball
1-0: Ball
2-0: Fly out, F8 (Flyball, 8RD, EV 98.1 MPH)
Batting: RHB Juan Alvarez 0-0: Called Strike
0-1: SINGLE (Line Drive, 34D, EV 100.6 MPH)
George A Bell to second
Runner from 2nd tries for 3rd, SAFE, throw by RF made to third
Batting: LHB Larry Donofrio Pickoff Throw to First - Error! E1
George A Bell scores
Juan Alvarez to second
0-0: Ball
1-0: Called Strike
1-1: Ball
2-1: Foul Ball, location: 2F
2-2: Ground out 6-3 (Groundball, 6, EV 87.5 MPH)
Batting: RHB Raymond Borucki 0-0: Ball
1-0: Called Strike
1-1: Foul Ball, location: 2F
1-2: SINGLE (Line Drive, 6MD, EV 103.8 MPH)
Juan Alvarez to third
Runner from 3rd tries for Home, SAFE, throw by CF to home
Batting: RHB Gomez Barahona 0-0: Ball
1-0: Ball
2-0: SINGLE (Line Drive, 78M, EV 93.1 MPH)
Raymond Borucki to second
Batting: LHB Dallas Williams 0-0: Swinging Strike
0-1: Ball
1-1: 3-RUN HOME RUN (Flyball, 9LD, EV 95.6 MPH), Distance : 368 ft
Batting: RHB Adolfo Feliz 0-0: Ball
1-0: Ball
2-0: Foul Ball, location: 2F
2-1: Foul Ball, location: 2F
2-2: Fly out, F7 (Flyball, 7LM, EV 95.6 MPH)
Top of the 2nd over - 5 runs, 5 hits, 1 error, 0 left on base; Denver 5 - Tulsa 0
BOTTOM OF THE 2ND
Tulsa Drillers batting - Pitching for Denver Bears : RHP Alex Vasquez
Batting: LHB Mike Pagliarulo 0-0: Ball
1-0: Ground out 6-3 (Groundball, 56, EV 83.8 MPH)
Batting: SHB Paul Householder 0-0: Ball
1-0: Called Strike
1-1: Swinging Strike
1-2: Ball
2-2: Foul Ball, location: 2F
2-2: Foul Ball, location: 2F
2-2: Fly out, F8 (Flyball, 8RM, EV 86.3 MPH)
Batting: LHB Randy Braun 0-0: Called Strike
0-1: Fly out, F6 (Flyball, 56D, EV 87.5 MPH)
Bottom of the 2nd over - 0 runs, 0 hits, 0 errors, 0 left on base; Denver 5 - Tulsa 0
TOP OF THE 3RD
Denver Bears batting - Pitching for Tulsa Drillers : RHP Jay Baller
Batting: LHB Danny Heep 0-0: Ball
1-0: Foul Ball, location: 2F
1-1: Foul Ball, location: 2F
1-2: Ball
2-2: SINGLE (Groundball, 34D, EV 98.1 MPH)
Batting: RHB George A Bell 0-0: Ball
Pickoff Throw to First - Out! 1-3
1-0: Called Strike
1-1: Foul Ball, location: 2F
1-2: Foul Ball, location: 2F
1-2: Foul Ball, location: 2F
1-2: Ball
2-2: Strikes out looking
Batting: LHB Tom Beyers 0-0: Foul Ball, location: 2F
0-1: Ground out U3 (Groundball, 13, EV 85.6 MPH)
Top of the 3rd over - 0 runs, 1 hit, 0 errors, 0 left on base; Denver 5 - Tulsa 0
BOTTOM OF THE 3RD
Tulsa Drillers batting - Pitching for Denver Bears : RHP Alex Vasquez
Batting: RHB Bob E Johnson 0-0: Foul Ball, location: 2F
0-1: Ball
1-1: Swinging Strike
1-2: Ball
2-2: Strikes out looking
Batting: RHB Nick Belmonte 0-0: Ball
1-0: Called Strike
1-1: Ball
2-1: Ball
3-1: Ground out 4-3 (Groundball, 4, EV 101.9 MPH)
Batting: RHB Onix Concepcion 0-0: Fly out, F8 (Flyball, 8RXD, EV 105.6 MPH)
Bottom of the 3rd over - 0 runs, 0 hits, 0 errors, 0 left on base; Denver 5 - Tulsa 0
TOP OF THE 4TH
Denver Bears batting - Pitching for Tulsa Drillers : RHP Jay Baller
Batting: RHB Juan Alvarez 0-0: Called Strike
0-1: Hit by Pitch
Batting: LHB Larry Donofrio 0-0: Ball
1-0: SINGLE (Groundball, 4MD, EV 98.8 MPH)
Juan Alvarez to second
Runner from 2nd tries for 3rd, OUT! 8-5
Larry Donofrio to second
Batting: RHB Raymond Borucki 0-0: Called Strike
0-1: Called Strike
0-2: Ball
1-2: Ball
2-2: Strikes out looking
Batting: RHB Gomez Barahona 0-0: Swinging Strike
0-1: Ground out 6-3 (Groundball, P, EV 87.5 MPH)
Top of the 4th over - 0 runs, 1 hit, 0 errors, 1 left on base; Denver 5 - Tulsa 0
BOTTOM OF THE 4TH
Tulsa Drillers batting - Pitching for Denver Bears : RHP Alex Vasquez
Batting: RHB Victor Rios 0-0: Fly out, F8 (Flyball, 78D, EV 105.0 MPH)
Batting: SHB Luis Quinones 0-0: Fly out, F7 (Flyball, 78S, EV 88.1 MPH)
Batting: LHB Jim Adduci 0-0: Called Strike
0-1: Called Strike
0-2: Foul Ball, location: 2F
0-2: Ball
1-2: Ball
2-2: Ground out 6-3 (Groundball, 6M, EV 84.4 MPH)
Bottom of the 4th over - 0 runs, 0 hits, 0 errors, 0 left on base; Denver 5 - Tulsa 0
TOP OF THE 5TH
Denver Bears batting - Pitching for Tulsa Drillers : RHP Jay Baller
Batting: LHB Dallas Williams 0-0: Called Strike
0-1: Called Strike
0-2: Ball
1-2: SINGLE (Groundball, 56, EV 105.6 MPH) (infield hit)
Batting: RHB Adolfo Feliz 0-0: Called Strike
Dallas Williams steals 2nd base (no throw)
0-1: Ground out 4-3 (Groundball, 4, EV 86.3 MPH)
Dallas Williams to third
Batting: LHB Danny Heep 0-0: Ground out 6-3 (Groundball, 56, EV 88.8 MPH)
Dallas Williams scores
Batting: RHB George A Bell 0-0: Ball
1-0: Called Strike
1-1: Fly out, F9 (Flyball, 9S, EV 93.8 MPH)
Top of the 5th over - 1 run, 1 hit, 0 errors, 0 left on base; Denver 6 - Tulsa 0
BOTTOM OF THE 5TH
Tulsa Drillers batting - Pitching for Denver Bears : RHP Alex Vasquez
Batting: LHB Mike Pagliarulo 0-0: Called Strike
0-1: Ball
1-1: SOLO HOME RUN (Flyball, 89XD, EV 103.8 MPH), Distance : 436 ft
Batting: SHB Paul Householder 0-0: Called Strike
0-1: Fly out, F6 (Popup, 6MS, EV 76.9 MPH)
Batting: LHB Randy Braun 0-0: Called Strike
0-1: Foul Ball, location: 2F
0-2: Foul Ball, location: 2F
0-2: Fly out, F8 (Flyball, 78D, EV 98.8 MPH)
Batting: RHB Bob E Johnson 0-0: Ground out 6-3 (Groundball, 6, EV 104.4 MPH)
Bottom of the 5th over - 1 run, 1 hit, 0 errors, 0 left on base; Denver 6 - Tulsa 1
TOP OF THE 6TH
Denver Bears batting - Pitching for Tulsa Drillers : RHP Jay Baller
Pitching: RHP Andy Hawkins
Batting: LHB Tom Beyers 0-0: Fly out, F8 (Flyball, 8RD, EV 80.6 MPH)
Batting: RHB Juan Alvarez 0-0: Ball
1-0: Called Strike
1-1: Called Strike
1-2: Ground out 6-3 (Groundball, 4M, EV 96.9 MPH)
Batting: LHB Larry Donofrio 0-0: Called Strike
0-1: Ball
1-1: DOUBLE (Line Drive, 78XD, EV 113.8 MPH)
Batting: RHB Raymond Borucki 0-0: Called Strike
0-1: Foul Ball, location: 2F
0-2: Ball
1-2: Ball
2-2: Strikes out looking
Top of the 6th over - 0 runs, 1 hit, 0 errors, 1 left on base; Denver 6 - Tulsa 1
BOTTOM OF THE 6TH
Tulsa Drillers batting - Pitching for Denver Bears : RHP Alex Vasquez
Batting: RHB Nick Belmonte 0-0: Ball
1-0: SOLO HOME RUN (Line Drive, 7LD, EV 98.8 MPH), Distance : 369 ft
Batting: RHB Onix Concepcion 0-0: Ball
1-0: Called Strike
1-1: Ball
2-1: Ground out 4-3 (Groundball, 4, EV 83.1 MPH)
Batting: RHB Victor Rios 0-0: Ball
1-0: Fly out, F6 (Line Drive, 6, EV 71.3 MPH)
Batting: SHB Luis Quinones 0-0: Foul Ball, location: 2F
0-1: Swinging Strike
0-2: SINGLE (Groundball, 56D, EV 93.8 MPH)
Batting: LHB Jim Adduci 0-0: Foul Ball, location: 2F
0-1: Ball
Luis Quinones steals 2nd base
1-1: Foul Ball, location: 2F
1-2: Ball
2-2: SINGLE (Flyball, 78S, EV 98.1 MPH)
Luis Quinones to third
Runner from 3rd tries for Home, SAFE, throw by LF to home
Batting: LHB Mike Pagliarulo 0-0: Called Strike
0-1: Called Strike
0-2: Foul Ball, location: 2F
0-2: Strikes out swinging
Bottom of the 6th over - 2 runs, 3 hits, 0 errors, 1 left on base; Denver 6 - Tulsa 3
TOP OF THE 7TH
Denver Bears batting - Pitching for Tulsa Drillers : RHP Andy Hawkins
Batting: RHB Gomez Barahona 0-0: Called Strike
0-1: Ball
1-1: Foul Ball, location: 2F
1-2: Ground out 6-3 (Groundball, 6, EV 110.6 MPH)
Batting: LHB Dallas Williams 0-0: Foul Ball, location: 2F
0-1: Ball
1-1: Called Strike
1-2: Ball
2-2: Ball
3-2: DOUBLE (Flyball, 8RXD, EV 89.4 MPH)
Batting: RHB Adolfo Feliz 0-0: Ball
1-0: Foul Ball, location: 2F
1-1: Ball
2-1: Swinging Strike
2-2: Strikes out swinging
Batting: LHB Danny Heep 0-0: Called Strike
0-1: Ball
1-1: Ball
2-1: Foul Ball, location: 2F
2-2: Ground out 4-3 (Groundball, 4, EV 100.6 MPH)
Top of the 7th over - 0 runs, 1 hit, 0 errors, 1 left on base; Denver 6 - Tulsa 3
BOTTOM OF THE 7TH
Tulsa Drillers batting - Pitching for Denver Bears : RHP Alex Vasquez
Batting: SHB Paul Householder 0-0: Called Strike
0-1: Ball
1-1: Ground out 3-1 (Groundball, 34, EV 84.4 MPH)
Batting: LHB Randy Braun 0-0: Fly out, F6 (Popup, 6D, EV 51.3 MPH)
Batting: RHB Bob E Johnson 0-0: Swinging Strike
0-1: Ball
1-1: Foul Ball, location: 2F
1-2: Foul Ball, location: 2F
1-2: Foul Ball, location: 2F
1-2: SINGLE (Line Drive, 89M, EV 101.3 MPH)
Batting: RHB Nick Belmonte 0-0: Ball
1-0: Fly out, F7 (Flyball, 7LM, EV 103.1 MPH)
Bottom of the 7th over - 0 runs, 1 hit, 0 errors, 1 left on base; Denver 6 - Tulsa 3
TOP OF THE 8TH
Denver Bears batting - Pitching for Tulsa Drillers : RHP Andy Hawkins
Batting: RHB George A Bell 0-0: Ball
1-0: Fly out, F8 (Flyball, 89S, EV 76.9 MPH)
Batting: LHB Tom Beyers 0-0: Ball
1-0: Foul Ball, location: 2F
1-1: Ball
2-1: Fly out, F8 (Line Drive, 8LD, EV 96.3 MPH)
Batting: RHB Juan Alvarez 0-0: Swinging Strike
0-1: Ball
1-1: Swinging Strike
1-2: Strikes out swinging
Top of the 8th over - 0 runs, 0 hits, 0 errors, 0 left on base; Denver 6 - Tulsa 3
BOTTOM OF THE 8TH
Tulsa Drillers batting - Pitching for Denver Bears : RHP Alex Vasquez
Batting: RHB Onix Concepcion 0-0: Called Strike
0-1: Ball
1-1: Ball
2-1: Foul Ball, location: 2F
2-2: Foul Ball, location: 2F
2-2: Foul Ball, location: 2F
2-2: Ball
3-2: Fly out, F8 (Flyball, 8LD, EV 91.9 MPH)
Batting: RHB Victor Rios 0-0: Ball
1-0: Ball
2-0: Swinging Strike
2-1: Ball
3-1: Swinging Strike
3-2: SINGLE (Groundball, 23, EV 75.0 MPH) (infield hit)
Batting: SHB Luis Quinones 0-0: Ball
1-0: Foul Ball, location: 2F
1-1: Ball
2-1: Swinging Strike
2-2: Foul Ball, location: 2F
2-2: Fielders Choice at 2nd, 4-6 (Groundball, 4, EV 91.9 MPH)
Batting: LHB Jim Adduci 0-0: Ball
1-0: Called Strike
1-1: Ball
2-1: Foul Ball, location: 2F
2-2: Ball
3-2: Foul Ball, location: 2F
3-2: SINGLE (Flyball, 89S, EV 91.9 MPH)
Luis Quinones to second
Luis Quinones to third
Batting: LHB Mike Pagliarulo 0-0: Ball
1-0: Foul Ball, location: 2F
1-1: Ball
2-1: DOUBLE (Flyball, 8RXD, EV 98.1 MPH)
Luis Quinones scores
Jim Adduci to third
Runner from 3rd tries for Home, SAFE, no throw by CF
Pitching: LHP Jake Zorbas
Batting: SHB Paul Householder 0-0: Ball
1-0: Ball
2-0: Ball
3-0: Called Strike
3-1: Called Strike
3-2: Base on Balls
Batting: RHB Bob Grandas 0-0: Foul Ball, location: 2F
0-1: Foul Ball, location: 2F
0-2: Strikes out looking
Bottom of the 8th over - 2 runs, 3 hits, 0 errors, 2 left on base; Denver 6 - Tulsa 5
TOP OF THE 9TH
Denver Bears batting - Pitching for Tulsa Drillers : RHP Andy Hawkins
Batting: LHB Larry Donofrio 0-0: Ground out 4-3 (Groundball, 34, EV 85.0 MPH)
Batting: RHB Raymond Borucki 0-0: Foul Ball, location: 2F
0-1: Reached on error, E4 (Popup, 4S, EV 71.3 MPH)
Batting: RHB Gomez Barahona 0-0: Ball
1-0: Foul Ball, location: 2F
1-1: SINGLE (Groundball, 6MD, EV 98.1 MPH)
Raymond Borucki to second
Runner from 2nd tries for 3rd, SAFE, throw by CF made to third
Batting: LHB Dallas Williams Pickoff Throw to First - Out! 1-3
0-0: Ball
1-0: Ball
2-0: Ball
3-0: Base on Balls
Batting: RHB Adolfo Feliz 0-0: Called Strike
0-1: Ball
1-1: Called Strike
1-2: Fly out, F5 (Line Drive, 5, EV 69.4 MPH)
Top of the 9th over - 0 runs, 1 hit, 1 error, 2 left on base; Denver 6 - Tulsa 5
BOTTOM OF THE 9TH
Tulsa Drillers batting - Pitching for Denver Bears : LHP Jake Zorbas
Now at 1B: Frank Lucy
Batting: RHB Bob E Johnson 0-0: Ball
1-0: Ball
2-0: Foul Ball, location: 2F
2-1: Foul Ball, location: 2F
2-2: Foul Ball, location: 2F
2-2: Ball
3-2: SOLO HOME RUN (Flyball, 7D, EV 97.5 MPH), Distance : 380 ft
Batting: RHB Nick Belmonte 0-0: Ground out 6-3 (Groundball, 56, EV 108.8 MPH)
Pinch Hitting: RHB Don Ruzek 0-0: Ball
1-0: SINGLE (Groundball, 4S, EV 97.5 MPH)
Batting: RHB Victor Rios 0-0: Ball
1-0: Bunt missed!
1-1: Ball
2-1: Bunted foul
2-2: Ball
3-2: SINGLE (Line Drive, 4D, EV 101.3 MPH)
Don Ruzek to second
Don Ruzek to third
Batting: SHB Luis Quinones 0-0: Ball
1-0: Called Strike
1-1: Ball
2-1: Ball
3-1: Swinging Strike
3-2: Fly out, F7 (Line Drive, 78S, EV 90.0 MPH)
Batting: LHB Jim Adduci 0-0: Ball
1-0: Ball
2-0: Fly out, F9 (Flyball, 89M, EV 91.9 MPH)
Bottom of the 9th over - 1 run, 3 hits, 0 errors, 2 left on base; Denver 6 - Tulsa 6
TOP OF THE 10TH
Denver Bears batting - Pitching for Tulsa Drillers : RHP Andy Hawkins
Now at SS: Don Ruzek
Batting: LHB Danny Heep 0-0: Ball
1-0: Called Strike
1-1: Foul Ball, location: 2F
1-2: SINGLE (Groundball, 4MD, EV 100.0 MPH) (infield hit)
Pitching: RHP David Melendez
Batting: RHB George A Bell 0-0: Ball
1-0: Foul Ball, location: 2F
1-1: Foul Ball, location: 2F
1-2: Strikes out swinging
Batting: LHB Tom Beyers 0-0: Ball
1-0: Foul Ball, location: 2F
1-1: Ball
2-1: Fielders Choice at 2nd, 3-6 (Groundball, 34S, EV 79.4 MPH)
Pinch Hitting: SHB Mark Gilbert 0-0: Foul Ball, location: 2F
0-1: Ball
1-1: Called Strike
1-2: Foul Ball, location: 2F
1-2: Foul Ball, location: 2F
1-2: Ground out 4-3 (Groundball, 4, EV 89.4 MPH)
Top of the 10th over - 0 runs, 1 hit, 0 errors, 1 left on base; Denver 6 - Tulsa 6
BOTTOM OF THE 10TH
Tulsa Drillers batting - Pitching for Denver Bears : LHP Jake Zorbas
Pitching: LHP Jesse Orosco
Now at SS: Glenn Hoffman
Batting: LHB Mike Pagliarulo 0-0: Ball
1-0: Called Strike
1-1: Swinging Strike
1-2: Ball
2-2: Fly out, F9 (Flyball, 9, EV 93.8 MPH)
Batting: SHB Paul Householder 0-0: Ball
1-0: Foul Ball, location: 2F
1-1: Ball
2-1: Ground out 6-3 (Groundball, 6, EV 85.6 MPH)
Batting: RHB Bob Grandas 0-0: Ball
1-0: Ball
2-0: Foul Ball, location: 2F
2-1: Ball
3-1: Base on Balls
Batting: RHB Bob E Johnson 0-0: Ball
1-0: Swinging Strike
1-1: Foul Ball, location: 2F
1-2: Strikes out swinging
Bottom of the 10th over - 0 runs, 0 hits, 0 errors, 1 left on base; Denver 6 - Tulsa 6
TOP OF THE 11TH
Denver Bears batting - Pitching for Tulsa Drillers : RHP David Melendez
Batting: LHB Larry Donofrio 0-0: Ball
1-0: Ball
2-0: Foul Ball, location: 2F
2-1: Ball
3-1: Foul Ball, location: 2F
3-2: Base on Balls
Batting: RHB Frank Lucy 0-0: Ball
1-0: SINGLE (Groundball, 6D, EV 95.6 MPH)
Larry Donofrio to second
Batting: RHB Gomez Barahona 0-0: Called Strike
0-1: Foul Ball, location: 2F
0-2: Ball
1-2: Strikes out swinging
Batting: LHB Dallas Williams 0-0: Swinging Strike
0-1: Foul Ball, location: 2F
0-2: Strikes out swinging
Batting: RHB Adolfo Feliz 0-0: Called Strike
0-1: Ball
1-1: Fielders Choice at 2nd, 6-4 (Groundball, 6, EV 99.4 MPH)
Top of the 11th over - 0 runs, 1 hit, 0 errors, 2 left on base; Denver 6 - Tulsa 6
BOTTOM OF THE 11TH
Tulsa Drillers batting - Pitching for Denver Bears : LHP Jesse Orosco
Batting: RHB Nick Belmonte 0-0: Ball
1-0: Swinging Strike
1-1: Ground out 6-3 (Groundball, 6, EV 78.8 MPH)
Batting: RHB Don Ruzek 0-0: Swinging Strike
0-1: Foul Ball, location: 2F
0-2: Foul Ball, location: 2F
0-2: Ball
1-2: Ball
2-2: Foul Ball, location: 2F
2-2: SINGLE (Line Drive, 4M, EV 111.3 MPH)
Batting: RHB Victor Rios 0-0: Called Strike
0-1: Bunt missed!
0-2: Ball
1-2: Ball
2-2: Fly out, F8 (Flyball, 8RM, EV 86.3 MPH)
Batting: SHB Luis Quinones 0-0: Ball
1-0: Fly out, F3 (Popup, 34S, EV 67.5 MPH)
Bottom of the 11th over - 0 runs, 1 hit, 0 errors, 1 left on base; Denver 6 - Tulsa 6
TOP OF THE 12TH
Denver Bears batting - Pitching for Tulsa Drillers : RHP David Melendez
Batting: LHB Danny Heep 0-0: Ball
1-0: Ground out 4-3 (Groundball, 4D, EV 80.0 MPH)
Batting: RHB George A Bell 0-0: Ball
1-0: Fly out, F8 (Line Drive, 8LM, EV 96.3 MPH)
Batting: LHB Tom Beyers 0-0: Called Strike
0-1: Ball
1-1: Called Strike
1-2: Ball
2-2: SINGLE (Groundball, 34D, EV 103.8 MPH)
Pinch Hitting: RHB Victor Woods 0-0: Ball
1-0: Fielders Choice at 2nd, 6-4 (Groundball, 56, EV 111.9 MPH)
Top of the 12th over - 0 runs, 1 hit, 0 errors, 1 left on base; Denver 6 - Tulsa 6
BOTTOM OF THE 12TH
Tulsa Drillers batting - Pitching for Denver Bears : LHP Jesse Orosco
Now at 3B: Francis McCann
Batting: LHB Jim Adduci 0-0: Swinging Strike
0-1: Foul Ball, location: 2F
0-2: Ball
1-2: Ball
2-2: Strikes out looking
Batting: LHB Mike Pagliarulo 0-0: Ball
1-0: Called Strike
1-1: Foul Ball, location: 2F
1-2: Ball
2-2: Foul Ball, location: 2F
2-2: Strikes out swinging
Pitching: RHP Eric Show
Batting: SHB Paul Householder 0-0: Swinging Strike
0-1: Fly out, F5 (Popup, 56S, EV 82.5 MPH)
Bottom of the 12th over - 0 runs, 0 hits, 0 errors, 0 left on base; Denver 6 - Tulsa 6
TOP OF THE 13TH
Denver Bears batting - Pitching for Tulsa Drillers : RHP David Melendez
Batting: LHB Larry Donofrio 0-0: SINGLE (Groundball, 56D, EV 99.4 MPH)
Batting: RHB Frank Lucy 0-0: Called Strike
0-1: Called Strike
0-2: Foul Ball, location: 2F
0-2: Strikes out swinging
Batting: RHB Gomez Barahona 0-0: Ball
1-0: Ball
2-0: Ball
3-0: Called Strike
3-1: Foul Ball, location: 2F
3-2: SINGLE (Line Drive, 78M, EV 91.3 MPH)
Larry Donofrio to second
Pitching: LHP Jeff Schneider
Batting: LHB Dallas Williams 0-0: Swinging Strike
0-1: Swinging Strike
0-2: Strikes out swinging
Batting: RHB Adolfo Feliz 0-0: SINGLE (Flyball, 78S, EV 98.1 MPH)
Larry Donofrio to third
Gomez Barahona to second
Runner from 3rd tries for Home, SAFE, throw by LF to home
Batting: LHB Danny Heep 0-0: Ball
1-0: Called Strike
1-1: Foul Ball, location: 2F
1-2: Ball
2-2: Strikes out swinging
Top of the 13th over - 1 run, 3 hits, 0 errors, 2 left on base; Denver 7 - Tulsa 6
BOTTOM OF THE 13TH
Tulsa Drillers batting - Pitching for Denver Bears : RHP Eric Show
Batting: RHB Bob Grandas 0-0: Swinging Strike
0-1: Ball
1-1: Ground out 4-3 (Groundball, 4, EV 82.5 MPH)
Batting: RHB Bob E Johnson 0-0: SOLO HOME RUN (Flyball, 7D, EV 93.1 MPH), Distance : 356 ft
Batting: RHB Nick Belmonte 0-0: Ball
1-0: Foul Ball, location: 2F
1-1: Swinging Strike
1-2: Strikes out swinging
Batting: RHB Don Ruzek 0-0: Ball
1-0: Called Strike
1-1: Called Strike
1-2: Foul Ball, location: 2F
1-2: Ground out 5-3 (Groundball, 5, EV 83.1 MPH)
Bottom of the 13th over - 1 run, 1 hit, 0 errors, 0 left on base; Denver 7 - Tulsa 7
TOP OF THE 14TH
Denver Bears batting - Pitching for Tulsa Drillers : LHP Jeff Schneider
Batting: RHB George A Bell 0-0: Foul Ball, location: 2F
0-1: Ball
1-1: Ball
2-1: Swinging Strike
2-2: Fly out, F7 (Flyball, 7LD, EV 85.6 MPH)
Batting: LHB Tom Beyers 0-0: Foul Ball, location: 2F
0-1: Ball
1-1: SINGLE (Line Drive, 89S, EV 99.4 MPH)
Batting: RHB Francis McCann 0-0: Called Strike
Pickoff Throw to First - Out! 1-3
0-1: Swinging Strike
0-2: Ball
1-2: Foul Ball, location: 2F
1-2: Ball
2-2: Ball
3-2: Strikes out swinging
Top of the 14th over - 0 runs, 1 hit, 0 errors, 0 left on base; Denver 7 - Tulsa 7
BOTTOM OF THE 14TH
Tulsa Drillers batting - Pitching for Denver Bears : RHP Eric Show
Batting: RHB Victor Rios 0-0: Ball
1-0: Ball
2-0: Ground out 4-3 (Groundball, 4, EV 90.0 MPH)
Batting: SHB Luis Quinones 0-0: Ball
1-0: Called Strike
1-1: Ground out U3 (Groundball, 3, EV 87.5 MPH)
Batting: LHB Jim Adduci 0-0: Ball
1-0: Called Strike
1-1: Ground out 4-3 (Groundball, 4D, EV 96.9 MPH)
Bottom of the 14th over - 0 runs, 0 hits, 0 errors, 0 left on base; Denver 7 - Tulsa 7
TOP OF THE 15TH
Denver Bears batting - Pitching for Tulsa Drillers : LHP Jeff Schneider
Batting: LHB Larry Donofrio 0-0: Ball
1-0: Ground out U3 (Groundball, 3L, EV 81.3 MPH)
Batting: RHB Frank Lucy 0-0: Swinging Strike
0-1: Foul Ball, location: 2F
0-2: Ball
1-2: Fly out, F7 (Line Drive, 7D, EV 100.6 MPH)
Batting: RHB Gomez Barahona 0-0: Ball
1-0: Fly out, F7 (Flyball, 78M, EV 91.3 MPH)
Top of the 15th over - 0 runs, 0 hits, 0 errors, 0 left on base; Denver 7 - Tulsa 7
BOTTOM OF THE 15TH
Tulsa Drillers batting - Pitching for Denver Bears : RHP Eric Show
Batting: LHB Mike Pagliarulo 0-0: Ball
1-0: Ball
2-0: Ball
3-0: Called Strike
3-1: SOLO HOME RUN (Flyball, 7D, EV 98.1 MPH), Distance : 371 ft
Bottom of the 15th over - 1 run, 1 hit, 0 errors, 0 left on base; Denver 7 - Tulsa 8
Friday, August 7th, 2020 - OOTP Baseball 21.5 Build 76